Map: Abyssal Reef LE

Players

HeltEn

  • Race: Terran Terran
  • Spawn Location: 11:00

Harstem - Winner!

  • Race: Protoss Protoss
  • Spawn Location: 5:00

Event: WCS Jonkoping 2017

VOD

Have the link to the VOD?

Description

Time

  • Played on: June 17, 2017, 10:47 a.m.
  • Length: 8:18

All games in this series

Show
View Real Time Build Order
Export as new Build Order

HeltEn Terran 

Build Orders: Reaper Expand, MMM Bio 

Get SALT Encoding   

  12  0:00  SCV  
  13  0:13  SCV  
  14  0:17  Supply Depot  
  14  0:25  SCV  
  14  0:28  Refinery  
  15  0:38  SCV  
  16  0:44  Barracks  
  16  0:50  SCV  
  17  1:02  SCV  
  18  1:15  SCV  
  19  1:33  Orbital Command, Reaper  
  20  1:53  Command Center  
  20  1:59  SCV  
  21  2:04  Factory  
  21  2:09  Barracks Reactor  
  21  2:12  SCV  
  22  2:16  Refinery  
  22  2:25  SCV, Supply Depot  
  23  2:46  Marine x2, SCV  
  23  2:49  Starport, Widow Mine  
  28  2:59  SCV  
  28  3:04  Marine x2  
  31  3:06  Orbital Command  
  31  3:14  SCV  
  32  3:21  Cyclone  
  32  3:25  Marine  
  36  3:32  Marine  
  37  3:37  Medivac  
  38  3:42  Marine  
  38  3:46  SCV  
  40  3:50  Marine  
  40  3:53  Widow Mine  
  43  4:00  SCV, Marine  
  46  4:13  SCV  
  46  4:14  Barracks, Supply Depot  
  46  4:21  Barracks  
  46  4:23  Factory Tech Lab, Starport Tech Lab  
  46  4:35  Engineering Bay  
  46  4:36  SCV x2, Marine x2  
  45  4:54  Marine  
  45  4:55  SCV x2  
  48  5:01  Terran Infantry Weapons Level 1, Supply Depot  
  48  5:04  Factory Tech Lab, Medivac  
  50  5:09  SCV x2  
  50  5:13  Marine x2  
  54  5:23  SCV  
  54  5:26  Supply Depot  
  54  5:28  Supply Depot  
  56  5:29  Stimpack  
  56  5:31  Combat Shields  
  56  5:32  Marine  
  56  5:36  Starport Reactor  
  56  5:41  Marine x2  
  59  5:42  SCV  
  59  5:43  Marine  
  60  5:53  Marine  
  61  5:58  Marine  
  61  5:59  Siege Tank, Marine  
  61  6:00  SCV x2  
  66  6:09  Marine  
  67  6:12  SCV  
  67  6:13  SCV, Supply Depot  
  68  6:25  SCV x2  
  68  6:29  Marine x4  
  72  6:33  Siege Tank  
  72  6:37  SCV x2  
  72  6:38  Medivac  
  79  6:43  Supply Depot  
  79  6:44  Refinery, Supply Depot  
  79  6:45  Medivac  
  81  6:49  SCV  
  81  6:52  Marine x4  
  86  7:00  Missile Turret  
  85  7:06  SCV x2  
  87  7:10  Marine x4  
  91  7:15  Refinery  
  91  7:18  SCV x2  
  91  7:19  Siege Tank  
  95  7:29  Missile Turret  
  95  7:32  Command Center  
  95  7:37  Marine  
  95  7:38  Marine x2  
  95  7:39  Marine  
  95  7:43  SCV x2  
  101  7:48  Medivac  
  101  7:55  SCV  
Show
View Real Time Build Order
Export as new Build Order

Harstem Protoss - Winner!

Build Orders: 1 Gate Expand, Oracle Opening 

Get SALT Encoding   

  12  0:01  Probe (Chrono Boost)  
  13  0:11  Probe (Chrono Boost)  
  14  0:17  Pylon  
  14  0:22  Probe (Chrono Boost)  
  15  0:35  Probe (Chrono Boost)  
  16  0:36  Gateway  
  16  0:46  Probe (Chrono Boost)  
  16  0:47  Assimilator  
  17  0:56  Probe (Chrono Boost)  
  18  1:07  Probe (Chrono Boost)  
  19  1:17  Probe (Chrono Boost)  
  20  1:25  Nexus  
  20  1:32  Cybernetics Core  
  20  1:37  Probe (Chrono Boost)  
  21  1:43  Assimilator  
  21  1:47  Probe (Chrono Boost)  
  21  1:52  Pylon  
  22  1:58  Probe (Chrono Boost)  
  23  2:10  Mothership Core (Chrono Boost), Adept (Chrono Boost)  
  27  2:19  Warp Gate  
  27  2:28  Probe  
  28  2:35  Probe  
  28  2:36  Adept (Chrono Boost)  
  31  2:40  Probe  
  32  2:46  Probe  
  33  2:53  Probe, Stargate  
  33  2:56  Probe  
  35  3:04  Adept (Chrono Boost)  
  37  3:06  Probe  
  37  3:07  Probe  
  37  3:09  Pylon  
  37  3:12  Pylon  
  39  3:18  Pylon, Probe  
  39  3:19  Probe  
  41  3:30  Probe  
  41  3:31  Probe  
  40  3:38  Oracle (Chrono Boost)  
  40  3:40  Probe  
  43  3:44  Mothership Core  
  43  3:46  Gateway  
  46  3:51  Probe  
  46  3:54  Gateway  
  47  4:01  Probe  
  47  4:04  Pylon  
  47  4:05  Probe  
  49  4:10  Phoenix (Chrono Boost)  
  52  4:17  Probe  
  52  4:21  Probe  
  52  4:22  Nexus  
  53  4:29  Probe  
  54  4:33  Pylon  
  54  4:34  Probe  
  54  4:35  Phoenix (Chrono Boost)  
  57  4:49  Probe x2  
  59  4:57  Assimilator  
  59  4:59  Assimilator, Phoenix (Chrono Boost)  
  61  5:00  Probe  
  61  5:01  Probe  
  61  5:06  Pylon  
  63  5:08  Adept x3  
  70  5:15  Probe  
  70  5:16  Forge  
  70  5:19  Twilight Council  
  70  5:22  Probe  
  70  5:28  Probe  
  72  5:32  Phoenix (Chrono Boost)  
  72  5:33  Probe x2  
  76  5:40  Probe  
  77  5:43  Probe x2  
  77  5:46  Protoss Ground Weapons Level 1  
  79  5:52  Probe  
  79  5:54  Probe  
  79  5:55  Probe, Phoenix (Chrono Boost)  
  84  6:01  Resonating Glaives (Chrono Boost)  
  85  6:04  Probe x2  
  85  6:05  Pylon  
  85  6:07  Probe  
  85  6:08  Adept x2  
  85  6:10  Pylon  
  91  6:11  Adept  
  93  6:23  Phoenix  
  97  6:26  Gateway  
  97  6:27  Gateway  
  97  6:28  Gateway  
  95  6:34  Sentry, Gateway  
  95  6:39  Photon Cannon  
  97  6:41  Gateway  
  97  6:42  Pylon x2  
  97  6:44  Pylon x2  
  97  6:52  Adept x2  
  101  6:55  Probe  
  101  6:57  Assimilator  
  101  6:58  Pylon  
  101  6:59  Phoenix  
  104  7:03  Adept  
  104  7:05  Probe  
  104  7:08  Pylon  
  107  7:10  Probe  
  107  7:12  Robotics Facility  
  107  7:14  Adept x2  
  112  7:23  Adept  
  112  7:24  Phoenix (Chrono Boost)  
  112  7:28  Probe  
  112  7:29  Probe  
  118  7:30  Assimilator  
  118  7:31  Adept x4  
  126  7:40  Adept x3  
  132  7:50  Adept  
  134  7:52  Adept x4  
  134  7:56  Phoenix (Chrono Boost)  
  144  8:16  Adept x8  
Tags
 
Add a new tag
Caveats
  • Supply blocks, unpowered buildings, or Contaminate may cause inaccurate times.
  • Supply counts are checked every 10 seconds.